 Dungeon Crawl Stone Soup version 0.29.1-debian-4-g95531337e3 (webtiles) character file.

Game seed: 12380776617477495796

63 BritishOli the Trooper (level 3, -2/30 HPs)
             Began as a Demonspawn Fighter on Sept 13, 2022.
             Splashed by a jelly's acid (6 damage)
             ... on level 3 of the Dungeon.
             The game lasted 00:01:24 (2250 turns).

BritishOli the Trooper (Demonspawn Fighter)         Turns: 2250, Time: 00:01:24

Health: -2/30      AC:  2    Str: 18    XL:     3   Next: 89%
Magic:  3/3        EV:  5    Int:  9    God:
Gold:   154        SH:  4    Dex: 12    Spells: 2/2 levels left

rFire   . . .      SeeInvis .   a - +0 long sword
rCold   . . .      Faith    .   c - +0 buckler
rNeg    . . .      Spirit   .   k - +0 plate armour
rPois   .          Reflect  .   l - +0 helmet
rElec   .          Harm     .   (no cloak)
rCorr   .          Rampage  .   (no gloves)
Will    .....                   (no boots)
Stlth   ..........              (no amulet)
HPRegen 0.10/turn               (no ring)
MPRegen 0.08/turn               (no ring)

@: corroded
A: molten scales 1
a: no special abilities


You were on level 3 of the Dungeon.
You visited 1 branch of the dungeon, and saw 3 of its levels.

You collected 154 gold pieces.

Inventory:

Hand Weapons
 a - a +0 long sword (weapon)
Armour
 b - a +0 scale mail
 c - a +0 buckler (worn)
 k - a +0 plate armour (worn)
 l - a +0 helmet (worn)
Jewellery
 e - a ring of wizardry
Wands
 p - a wand of quicksilver (6)
Scrolls
 f - 4 scrolls of identify {unknown}
 g - a scroll of enchant weapon {unknown}
 h - a scroll of enchant armour {unknown}
 i - 2 scrolls of vulnerability {unknown}
 n - a scroll of teleportation {unknown}
Potions
 d - a potion of might
 j - a potion of curing {unknown}
 m - a potion of magic {unknown}
 o - a potion of brilliance {unknown}
 q - a potion of attraction {unknown}


   Skills:
 + Level 4.1 Fighting
 - Level 2.2 Long Blades
 - Level 3.0 Armour
 - Level 3.0 Shields


You had 2 spell levels left.
You didn't know any spells.
Your spell library contained the following spells:

 Spells                   Type           Power      Damage    Failure   Level
 Foxfire                  Conj/Fire      0%         2x1d4     100%        1
 Inner Flame              Hex/Fire       0%         N/A       100%        3
 Kindle Blastsparks       Fire/Tloc/Air  0%         2d10      100%        3
 Flame Wave               Conj/Fire      0%         2d4       100%        4


Dungeon Overview and Level Annotations

Branches:
Dungeon (3/15)

Altars:
Cheibriados

Shops:
D:3 (


Innate Abilities, Weirdness & Mutations

You are partially covered in molten scales. (AC +2)


Message History

You now have 154 gold pieces (gained 13).
A jelly comes into view.
Found Vuckex's Weapon Emporium.
The jelly quivers.
A jelly is nearby!
The jelly hits you. The acid corrodes you!
You are splashed with acid!
A jelly is nearby!
A jelly is nearby!
You hit the jelly but do no damage.
Your hands burn!
The jelly hits you but does no damage.
You hit the jelly.
Your hands burn!
The jelly is moderately wounded.
You block the jelly's attack.
You are too injured to fight recklessly!
You are too injured to fight recklessly!
You are too injured to fight recklessly!
You are too injured to fight recklessly!
You hit the jelly but do no damage. The acid corrodes you!
Your hands burn!
The jelly is moderately wounded.
The jelly hits you but does no damage. You block the jelly's attack.
You hit the jelly but do no damage.
Your hands burn!
* * * LOW HITPOINT WARNING * * *
The jelly is moderately wounded.
You block the jelly's attack.
You barely miss the jelly.
The jelly is lightly wounded.
The jelly hits you but does no damage.
You hit the jelly but do no damage.
Your hands burn!
* * * LOW HITPOINT WARNING * * *
The jelly is lightly wounded.
The jelly barely misses you. The jelly hits you but does no damage.
You hit the jelly but do no damage. The acid corrodes you!
Your hands burn!
* * * LOW HITPOINT WARNING * * *
The jelly is lightly wounded.
The jelly hits you but does no damage. The jelly attacks as you move away!
The jelly hits you but does no damage. The jelly attacks as you move away!
The jelly hits you.
* * * LOW HITPOINT WARNING * * *
You are splashed with acid.
You die...

#...# ###...###
#.......########
#####..............#
............######.#
#######...### #.#
#...# #.# #####.^##
######.# ##...#.@#
#......#
####⌠.⌠.#J.#
#.######
.....∩.....# #..####
####⌠.⌠#..## #.....#
##.....# #.#.#.#
#####.# #.....# #.#
#.#.#.# ..# #.....#
### #...###


You could see a jelly.

Vanquished Creatures
  An adder (D:2)
  A worm (D:2)
  A dart slug (D:3)
  3 ball pythons (D:2)
  5 endoplasms
  A giant cockroach (D:1)
  3 goblins
  6 hobgoblins
  9 jackals
  2 kobolds (D:2)
  3 quokkas
  2 bats
  4 frilled lizards
  2 rats
43 creatures vanquished.

Notes
Turn   | Place    | Note
-------+----------+-------------------------------------------
     0 | D:1      | BritishOli the Demonspawn Fighter began the quest for the
                  | Orb.
     0 | D:1      | Reached XP level 1. HP: 18/18 MP: 1/1
   178 | D:1      | Gained mutation: You are partially covered in molten
                  | scales. (AC +2) [demonic ancestry]
   178 | D:1      | Reached XP level 2. HP: 24/24 MP: 2/2
  1265 | D:2      | Reached XP level 3. HP: 29/29 MP: 3/3
  1335 | D:2      | Found a faded altar of an unknown god.
  1376 | D:2      | Found a snail-covered altar of Cheibriados.
  1642 | D:2      | Reached skill level 4 in Fighting
  2237 | D:3      | Found Vuckex's Weapon Emporium.
  2250 | D:3      | Splashed by a jelly's acid

Illustrated notes

Levels and vault maps discovered:
D:1:      mrwooster_arrival_statue_3, layout_basic, item_on_display_a
D:2:      layout_basic, dreamdust_ecumenical_altar_statues, basic_altar
D:3:      layout_loops_ring, mainiacjoe_overflow_chevrons,
          nicolae_hepliaklqana_hippocampus, serial_glass, glass_columns_c,
          glass_columns_a, serial_shops, shop_fountains

Skill      XL: |  1  2  3 |
---------------+----------+-----
Long Blades    | 2 |  2.2
Shields        | 3 |  3.0
Armour         | 3 |  3.0
Fighting       | 4 |  4.1

Action                   || total
-------------------------++-------
Melee: Long sword        ||   152
Armor: Scale mail        ||    52
       Plate armour      ||    58
Dodge: Dodged            ||    51
Block: Buckler           ||    29
